AoeStats
← Vilo41

Arena

510439537Analyzed
1v1 RM · 23h ago on Oct 1, 2026· 44m 10s· 2 players
Game mode
Random Map
Map size
Tiny (2 player)
Population
200
Speed
Normal
Resources
Standard
Victory
Conquest
Starting age
Dark Age
Ending age
Imperial Age
RankedLock teamsTeams togetherTeam positionsShared explorationLock speedFull tech treeHidden civsTurbo modeCheats
Victory
Defeat
🇦🇷 Tatars · Argentina
566
+11
🇻🇪 Mongols · Venezuela
463
-11
Vilo41
10:18 Feudal Age
11:44 Wheelbarrow
10:59 Double-Bit Axe
15:07 Horse Collar
19:23 Castle Age
17:47 Fletching
18:52 Stone Mining
19:42 Gold Mining
20:14 Bow Saw
23:32 Bodkin Arrow
23:24 Pikeman
26:46 Husbandry
37:40 Murder Holes
39:14 Squires
40:11 Fortified Wall
41:54 Padded Archer Armor
mandrilesko7251
8:00 Loom
9:45 Feudal Age
13:23 Loom
16:10 Castle Age
16:02 Double-Bit Axe
17:04 Stone Mining
20:30 Arson
30:35 Fletching
30:46 Padded Archer Armor
34:56 Bodkin Arrow
40:50 Imperial Age
40:50 Leather Archer Armor
44:09 Scale Barding Armor
44:35 Ring Archer Armor
45:23 Chemistry
Connection lost

Rejoining the realm…

Still unreachable

The connection could not be restored.

Session expired

The server has moved on; the page needs a fresh start.